 Dungeon Crawl Stone Soup version 0.19-a0-599-g723c685 (webtiles) character file.

131 Kidiri the Magician (level 4, 0/24 HPs)
             Began as a Deep Elf Fire Elementalist on June 11, 2016.
             Slain by a crimson imp
             ... wielding a +2 dagger of chaos
              (3 damage)
             ... on level 2 of the Dungeon.
             The game lasted 00:11:34 (3412 turns).

Kidiri the Magician (Deep Elf Fire Elementalist)    Turns: 3412, Time: 00:11:35

Health: 0/24       AC:  6    Str:  3 (5)  XL:     4   Next: 91%
Magic:  12/12      EV: 13    Int: 20 (23) God:
Gold:   201        SH:  0    Dex: 14 (15) Spells: 4 memorised, 3 levels left

rFire  . . .     SeeInvis .     e - +1 short sword
rCold  . . .     Gourm    .     a - +0 robe
rNeg   . . .     Faith    .     (no shield)
rPois  .         Spirit   .     (no helmet)
rElec  .         Dismiss  .     r - +0 cloak
rCorr  .         Reflect  .     (no gloves)
SustAt .         Harm     .     o - +2 pair of boots
MR     +....                    (no amulet)
Stlth  ++........               (no ring)
                                (no ring)

@: somewhat resistant to hostile enchantments, unstealthy
A: clever 1, magic resistance 1
a: no special abilities


You were on level 2 of the Dungeon.
You were not hungry.

You visited 1 branch of the dungeon, and saw 3 of its levels.

You collected 201 gold pieces.

Inventory:

Hand Weapons
 e - a +1 short sword (weapon)
Armour
 a - a +0 robe (worn)
 o - a +2 pair of boots (worn)
 r - a +0 cloak (worn)
Scrolls
 g - a scroll of remove curse
 h - a scroll of enchant weapon
Potions
 d - 2 potions of brilliance
 l - a potion of berserk rage
 p - a potion of haste
 q - a potion of magic
Books
 b - a book of Flames

   Spells                             Type                      Level
   a - Flame Tongue                   Conjuration/Fire             1
   b - Throw Flame                    Conjuration/Fire             2
   c - Conjure Flame                  Conjuration/Fire             3
   d - Inner Flame                    Hexes/Fire                   3
   e - Sticky Flame                   Conjuration/Fire             4
   f - Fireball                       Conjuration/Fire             5
Comestibles
 c - 2 bread rations
 f - a meat ration


   Skills:
 - Level 2.4 Dodging
 - Level 2.4 Stealth
 * Level 4.6 Spellcasting
 * Level 3.4 Conjurations
 * Level 4.2 Fire Magic


You had 3 spell levels left.
You knew the following spells:

 Your Spells              Type           Power        Failure   Level  Hunger
a - Flame Tongue          Conj/Fire      ###..        2%          1    None
b - Throw Flame           Conj/Fire      ###...       4%          2    #......
c - Conjure Flame         Conj/Fire      ###.....     10%         3    ##.....
d - Inner Flame           Hex/Fire       ##......     17%         3    ##.....


Dungeon Overview and Level Annotations

Branches:
Dungeon (3/15)

Altars:
Qazlal
Xom

Annotations:
D:3 tyrsky's ghost, amateur FeTm


Innate Abilities, Weirdness & Mutations

Your mind is acute. (Int +2)
You are resistant to hostile enchantments. (MR+)


Message History

You feel clever.
You feel fantastic!
The crimson imp lashes its tail.
Unknown command.
The crimson imp blinks!
There is a stone staircase leading up here.
The crimson imp shouts, "Disclaim thyself, thou shaky earth-vexing snaffler!"
The crimson imp lashes its tail.
The crimson imp hits you with a dagger of chaos.
You are electrocuted!
Ouch! That really hurt!
* * * LOW HITPOINT WARNING * * *
You climb upwards.
There is a stone staircase leading down here.
You feel better. The crimson imp barely misses you.
You closely miss the crimson imp.
The crimson imp hits you with a dagger of chaos.
* * * LOW HITPOINT WARNING * * *
The crimson imp freezes you.
You die...

#....................#
#########....................#
##....................>......#
##.#######........###........#
.#.## ##......## #........# ....#
#.#.#######........#
....#######...##........<....#
#........##.....5...#.....####
#.######........@>........#
..............####.###....#######
...####.......###(.##..#####.....
..........#.#.##...#..## #.....
...####.#...#........## #.....
.#####..##...#....<#########.....
.###.............................
.......####.#......#######.......
...##### #).........####...#.....


You could see a crimson imp.

Vanquished Creatures
  Crazy Yiuf (D:3)
  Terence (D:3)
  2 adders (D:2)
  2 worms (D:3)
  2 dart slugs
  3 giant geckos (D:1)
  10 bats
  4 giant cockroaches
  5 goblins
  6 hobgoblins
  A quokka (D:2)
  A ball python (D:2)
  3 giant newts
  4 kobolds
  6 rats
51 creatures vanquished.

Notes
Turn   | Place    | Note
--------------------------------------------------------------
     0 | D:1      | Kidiri the Deep Elf Fire Elementalist began the quest for the Orb.
     0 | D:1      | Reached XP level 1. HP: 10/10 MP: 6/6
   507 | D:1      | Reached XP level 2. HP: 15/15 MP: 5/8
   511 | D:1      | Learned a level 2 spell: Throw Flame
  1507 | D:2      | Reached XP level 3. HP: 19/19 MP: 7/10
  1512 | D:2      | Learned a level 3 spell: Conjure Flame
  1516 | D:2      | Learned a level 3 spell: Inner Flame
  2151 | D:3      | Found a stormy altar of Qazlal.
  2358 | D:3      | Noticed Crazy Yiuf
  2362 | D:3      | Killed Crazy Yiuf
  2362 | D:3      | Reached XP level 4. HP: 24/24 MP: 6/12
  2435 | D:3      | Noticed Terence
  2448 | D:3      | Killed Terence
  2708 | D:3      | Found a shimmering altar of Xom.
  2724 | D:3      | Gained mutation: You are resistant to hostile enchantments. (MR+) [potion of beneficial mutation]
  2823 | D:3      | Noticed tyrsky's ghost (amateur FeTm)
  3401 | D:3      | Gained mutation: Your mind is acute. (Int +2) [potion of beneficial mutation]
  3412 | D:2      | Slain by a crimson imp

Vault maps used:
D:1:      dpeg_arrival_stone_temple_mockup
D:2:      first_bread
D:3:      lemuel_zombie_altar_yredelemnul, led_xom_imps,
          nicolae_overflow_crystal_walls, serial_co_window_serial,
          co_window_paths_a, co_window_cross_1, co_window_of_opportunity_a,
          co_window_corner_a, co_window_paths_b, co_window_2corner,
          co_window_2corner, co_window_cross_4, co_window_sun, glass_columns_a,
          glass_columns_a, glass_columns_a, glass_columns_c, st_stairs_11,
          uniq_terence, uniq_crazy_yiuf_cottage

Skill      XL: |  1  2  3  4 |
---------------+-------------+-----
Conjurations   | 2 3 |  3.4
Spellcasting   | 4 |  4.6
Fire Magic     | 4 |  4.2
Dodging        | |  2.4
Stealth        | |  2.4

Action                   |  1- 3 |  4- 6 || total
-------------------------+-------+-------++-------
Melee: Short sword       |    13 |    69 ||    82
 Cast: Flame Tongue      |    48 |    21 ||    69
       Throw Flame       |    15 |     3 ||    18
  Use: Scroll            |     8 |     1 ||     9
       Potion            |       |     5 ||     5
 Stab: Sleeping          |     2 |     1 ||     3
  Eat: Chunk             |     5 |     2 ||     7
       Beef jerky        |       |     1 ||     1
Armor: Robe              |     7 |    33 ||    40
Dodge: Dodged            |    21 |    73 ||    94
